 Dungeon Crawl Stone Soup version 0.26-a0-712-ga5a9c9c9d0 (webtiles) character file.

Game seed: 11454410207927362548

11293 Asymodius the Protected (level 11, -6/84 HPs)
             Began as a Demonspawn Fighter on Nov 12, 2020.
             Was a High Priest of Okawaru.
             Mangled by an 11-headed hydra (7 damage)
             ... on level 1 of the Lair of Beasts.
             The game lasted 00:26:17 (12598 turns).

Asymodius the Protected (Demonspawn Fighter)       Turns: 12598, Time: 00:26:18

Health: -6/84      AC: 12    Str: 19    XL:     11   Next: 47%
Magic:  0/19       EV: 16    Int:  9    God:    Okawaru [*****.]
Gold:   639        SH: 23    Dex: 14    Spells: 20/20 levels left

rFire    + + .     SeeInvis .   a - +0 war axe
rCold    + . .     Faith    .   K - +0 tower shield
rNeg     . . .     Spirit   +   D - +3 scale mail {rPois}
rPois    +         Reflect  +   (helmet restricted)
rElec    .         Harm     .   r - scarf {rC+ rF+}
rCorr    .         Rampage  .   (no gloves)
MR       +....     Clarity  +   (no boots)
Stlth    ++........             g - amulet of reflection
HPRegen  0.24/turn              t - ring of protection from magic
MPRegen  0.16/turn              M - ring of protection from fire

@: heroism, finesse
A: hooves 1, horns 1, clarity, demonic guardian 1, evolution 1, magic shield,
sturdy frame 3
a: Heroism, Finesse, Renounce Religion


You were on level 1 of the Lair of Beasts.
You worshipped Okawaru.
Okawaru was extremely pleased with you.
You visited 3 branches of the dungeon, and saw 13 of its levels.

You collected 678 gold pieces.
You spent 39 gold pieces at shops.

Inventory:

Hand Weapons
 a - a +0 war axe (weapon)
 E - a +1 scimitar of flaming
 I - a +0 battleaxe
Armour
 c - a +0 kite shield
 d - a +1 buckler of reflection
 e - a +1 plate armour
 m - a +0 scale mail
 p - a +0 helmet
 r - a scarf of resistance (worn)
 x - the +1 buckler of the Valley of Death {+Inv rC+}
   (You found it on level 11 of the Dungeon)

   It protects you from cold.
   It lets you turn invisible.
 D - a +3 scale mail of poison resistance (worn)
 J - +0 steam dragon scales
 K - a +0 tower shield (worn)
Jewellery
 g - an amulet of reflection (around neck)
 n - an uncursed ring of teleportation
 t - a ring of protection from magic (left hand)
 L - an uncursed ring of stealth
 M - a ring of protection from fire (right hand)
Wands
 b - a wand of enslavement (15)
 q - a wand of disintegration (11)
 w - a wand of random effects (21)
 B - a wand of iceblast (14)
Scrolls
 i - a scroll of fog
 k - 3 scrolls of enchant weapon
 l - 9 scrolls of identify
 o - 12 scrolls of remove curse
 u - a scroll of magic mapping {unknown}
 v - a scroll of random uselessness
Potions
 f - a potion of brilliance
 j - a potion of mutation
 s - a potion of lignification
Miscellaneous
 y - a phial of floods
 C - a phantom mirror


   Skills:
 + Level 7.0(12.0) Fighting
 * Level 8.5(13.5) Axes
 * Level 8.7(13.7) Armour
 + Level 5.6(10.6) Dodging
 + Level 6.3(11.3) Shields
 + Level 5.4 Spellcasting
 + Level 5.8 Invocations


You had 20 spell levels left.
You didn't know any spells.
Your spell library contained the following spells:

 Spells                   Type           Power        Failure   Level
 Beastly Appendage        Tmut           #.....       83%         1
 Freeze                   Ice            #...         83%         1
 Magic Dart               Conj           #...         83%         1
 Summon Small Mammal      Summ           #...         83%         1
 Blink                    Tloc           N/A          93%         2
 Call Imp                 Summ           #.......     93%         2
 Searing Ray              Conj           #.....       93%         2
 Wereblood                Tmut           #.......     93%         2
 Call Canine Familiar     Summ           #.......     99%         3
 Dazzling Flash           Conj/Hex       #.....       99%         3
 Frozen Ramparts          Ice            #.....       99%         3
 Gell's Gravitas          Tloc           #.........   99%         3
 Lesser Beckoning         Tloc           #.........   99%         3
 Ozocubu's Armour         Ice            #.......     99%         3
 Spider Form              Tmut/Pois      #.........   99%         3
 Summon Guardian Golem    Hex/Summ       #.......     99%         3
 Teleport Other           Tloc           #.......     99%         3
 Fulminant Prism          Conj/Hex       #.........   100%        4
 Hailstorm                Conj/Ice       #.......     100%        4
 Ice Form                 Ice/Tmut       #.......     100%        4
 Iskenderun's Mystic Bla  Conj/Tloc      #.......     100%        4
 Passage of Golubria      Tloc           N/A          100%        4
 Summon Ice Beast         Ice/Summ       #.......     100%        4
 Summon Lightning Spire   Summ/Air       #.......     100%        4
 Blade Hands              Tmut           #.........   100%        5


Dungeon Overview and Level Annotations

Branches:
Dungeon (11/15)            Temple (1/1) D:4            Lair (1/6) D:10
    Orc (0/2) D:11

Altars:
Ashenzari
Cheibriados
Dithmenos
Elyvilon
Fedhas
Gozag
Hepliaklqana
Kikubaaqudgha
Makhleb
Nemelex Xobeh
Okawaru
Qazlal
Ru
Sif Muna
Trog
Uskayaw
Vehumet
Wu Jian
Xom
Yredelemnul
Zin
The Shining One

Shops:
D:7 ?   D:8 :   D:10 (

Annotations:
D:5 2 runed translucent doors
Lair:1 exclusion: 2 oklob plants


Innate Abilities, Weirdness & Mutations

You have large cloven feet.
A weak demonic guardian rushes to your aid.
When hurt, damage is shared between your health and your magic reserves.
Your movements are significantly less encumbered by armour. (ER -6)
You have a pair of small horns on your head.
You possess an exceptional clarity of mind.
You evolve.


Message History

You block the 11-headed hydra's attack. The 11-headed hydra misses you.
The 11-headed hydra bites you!
* * * LOW HITPOINT WARNING * * *
The 11-headed hydra bites you.
* * * LOW HITPOINT WARNING * * *
The 11-headed hydra completely misses you.
The 11-headed hydra bites you.
* * * LOW HITPOINT WARNING * * *
The 11-headed hydra bites you but does no damage.
The 11-headed hydra bites you!
* * * LOW HITPOINT WARNING * * *
The 11-headed hydra barely misses you.
As you read the scroll of fear, it crumbles to dust.
You assume a fearsome visage.
Your iron imp is unaffected.
The 11-headed hydra easily resists.
The water moccasin looks frightened!
You block the 11-headed hydra's attack. The 11-headed hydra bites you.
* * * LOW HITPOINT WARNING * * *
The 11-headed hydra bites you!
You die...

.##......## .........#
.......)# #.......#
#.......# #.S.5..#
#...D..# #@# ...# ##.#
...### #..## .....
..##+#.###### ....#
##.............#
....####.#+.#.........##
.....##......#........#
....###.......##......#
.....#..##.##..#......#


You could see a 11-headed hydra, a water moccasin (fleeing) and a friendly iron
imp (summoned).

Vanquished Creatures
  Erica (D:8)
  A two-headed ogre (D:5)
  Joseph (D:8)
  3 cane toads (Lair:1)
  A komodo dragon (Lair:1)
  9 yaks
  Grum (D:10)
  A soldier ant (D:10)
  A water moccasin (Lair:1)
  4 black bears
  An ice beast (D:8)
  4 orc warriors
  3 sky beasts
  4 ogres
  2 phantoms
  4 wolves (D:10)
  6 centaurs
  2 big kobolds
  5 bullfrogs
  A wyvern skeleton (D:9)
  A water moccasin zombie (D:9)
  3 scorpions
  22 wights
  An electric eel (D:8)
  A bullfrog zombie (D:7)
  2 jellies
  11 orc wizards
  7 hounds
  4 orc priests
  2 bullfrog skeletons
  3 iguanas
  8 worker ants
  A howler monkey zombie (D:8)
  8 adders
  A howler monkey skeleton (D:6)
  A white imp (D:9)
  2 ufetubi
  An ooze (D:1)
  An adder skeleton (D:6)
  2 dart slugs (D:1)
  A leopard gecko (D:1)
  32 orcs
  2 ball pythons
  5 bats
  6 giant cockroaches
  11 goblins
  6 hobgoblins
  4 jackals (D:4)
  16 kobolds
  8 quokkas
  3 frilled lizards
  2 leopard gecko skeletons (D:4)
  9 rats
242 creatures vanquished.

Vanquished Creatures (collateral kills)
  Harold (D:7)
  A centaur zombie (D:11)
  A cane toad (Lair:1)
  Maggie (D:8)
  A shadow (D:11)
  2 yaks (D:11)
  A water moccasin (D:10)
  An ice beast (D:6)
  A sky beast (D:6)
  3 ogres
  3 bullfrogs
  A scorpion (D:10)
  An ufetubus (D:7)
  A leopard gecko (D:7)
  3 orcs
  A kobold (D:7)
23 creatures vanquished.

Vanquished Creatures (others)
  A quokka (D:6)
  39 fungi
  55 plants
95 creatures vanquished.

Grand Total: 360 creatures vanquished

Notes
Turn   | Place    | Note
-------+----------+-------------------------------------------
     0 | D:1      | Asymodius the Demonspawn Fighter began the quest for the
                  | Orb.
     0 | D:1      | Reached XP level 1. HP: 18/18 MP: 1/1
   230 | D:1      | Gained mutation: When hurt, damage is shared between your
                  | health and your magic reserves. [demonic ancestry]
   230 | D:1      | Reached XP level 2. HP: 21/24 MP: 2/2
  1115 | D:2      | Reached XP level 3. HP: 29/29 MP: 3/3
  2346 | D:3      | Gained mutation: Your movements are slightly less
                  | encumbered by armour. (ER -2) [demonic ancestry]
  2346 | D:3      | Reached XP level 4. HP: 34/35 MP: 4/4
  2415 | D:3      | Reached skill level 1 in Dodging
  2531 | D:3      | Found an opulent altar of Gozag.
  2636 | D:3      | Gained mutation: Your movements are less encumbered by
                  | armour. (ER -4) [demonic ancestry]
  2636 | D:3      | Reached XP level 5. HP: 41/41 MP: 6/6
  2886 | D:4      | Found a staircase to the Ecumenical Temple.
  2932 | D:4      | Noticed an ogre
  2938 | D:4      | Reached skill level 1 in Spellcasting
  2940 | D:4      | Killed an ogre
  3162 | D:4      | Gained mutation: A weak demonic guardian rushes to your
                  | aid. [demonic ancestry]
  3162 | D:4      | Reached XP level 6. HP: 47/47 MP: 7/7
  3847 | D:5      | Entered Level 5 of the Dungeon
  3867 | D:5      | Gained mutation: You have large cloven feet. [demonic
                  | ancestry]
  3867 | D:5      | Reached XP level 7. HP: 31/53 MP: 7/9
  4450 | D:5      | Found a blossoming altar of Fedhas.
  4465 | D:5      | Found a large runed translucent door.
  4466 | D:5      | Found a large runed translucent door.
  4469 | D:5      | Found a large runed translucent door.
  4469 | D:5      | Found a large runed translucent door.
  4578 | D:5      | Noticed a two-headed ogre
  4630 | D:5      | Killed a two-headed ogre
  4630 | D:5      | Reached skill level 5 in Armour
  4630 | D:5      | Reached XP level 8. HP: 46/61 MP: 5/11
  4865 | Temple   | Entered the Ecumenical Temple
  5026 | Temple   | Became a worshipper of Warmaster Okawaru
  5394 | D:6      | Reached skill level 5 in Axes
  5782 | D:6      | Reached * piety under Okawaru
  5782 | D:6      | Reached skill level 5 in Fighting
  5995 | D:6      | Found a white marble altar of Elyvilon.
  6004 | D:6      | Gained mutation: Your movements are significantly less
                  | encumbered by armour. (ER -6) [demonic ancestry]
  6004 | D:6      | Reached XP level 9. HP: 68/68 MP: 12/14
  6092 | D:6      | Reached skill level 1 in Invocations
  6567 | D:7      | Found Hyni's Magic Scroll Shoppe.
  6581 | D:7      | Reached ** piety under Okawaru
  6645 | D:7      | Bought a scroll of remove curse for 39 gold pieces
  6772 | D:7      | Noticed Harold
  6786 | D:7      | Killed Harold
  6786 | D:7      | Reached *** piety under Okawaru
  6786 | D:7      | Reached skill level 5 in Shields
  7258 | D:7      | Found a glowing silver altar of Zin.
  7260 | D:7      | Found a broken altar of Ashenzari.
  7261 | D:7      | Found a hide-covered altar of Uskayaw.
  7678 | D:8      | Noticed Erica
  7691 | D:8      | Killed Erica
  7691 | D:8      | Reached **** piety under Okawaru
  7691 | D:8      | Reached XP level 10. HP: 68/76 MP: 14/16
  8017 | D:8      | Noticed Joseph
  8042 | D:8      | Killed Joseph
  8350 | D:8      | Found Syrph's Book Boutique.
  8609 | D:8      | Noticed Maggie
  8618 | D:8      | Killed Maggie
  8618 | D:8      | Reached ***** piety under Okawaru
  9811 | D:10     | Entered Level 10 of the Dungeon
  9881 | D:10     | Noticed Grum
  9919 | D:10     | Gained mutation: You possess an exceptional clarity of
                  | mind. [potion of mutation]
  9919 | D:10     | Gained mutation: You evolve. [potion of mutation]
 10200 | D:10     | Killed Grum
 10212 | D:10     | Reached skill level 5 in Dodging
 10602 | D:10     | Received a gift from Okawaru
 10617 | D:10     | Reached skill level 5 in Spellcasting
 10620 | D:10     | Reached skill level 5 in Invocations
 10654 | D:10     | Found a staircase to the Lair.
 10925 | D:10     | Found Witesud's Antique Weapon Boutique.
 10997 | D:10     | Reached XP level 11. HP: 73/83 MP: 15/18
 11164 | D:11     | Noticed a skeletal warrior
 11165 | D:11     | Noticed a skeletal warrior
 11166 | D:11     | Noticed a skeletal warrior
 11166 | D:11     | Noticed a skeletal warrior
 11500 | D:11     | Got an ichor-stained buckler
 11511 | D:11     | Identified the +1 buckler of the Valley of Death {+Inv rC+}
                  | (You found it on level 11 of the Dungeon)
 11569 | D:11     | Found a staircase to the Orcish Mines.
 11869 | Lair:1   | Entered Level 1 of the Lair of Beasts
 12140 | Lair:1   | Noticed an oklob plant
 12140 | Lair:1   | Noticed an oklob plant
 12182 | Lair:1   | Gained mutation: You have a pair of small horns on your
                  | head. [evolution]
 12586 | Lair:1   | Noticed a seven-headed hydra
 12597 | Lair:1   | HP: 4/84 [11-headed hydra (6)]
 12598 | Lair:1   | HP: 1/84 [11-headed hydra (3)]
 12598 | Lair:1   | Mangled by an 11-headed hydra

Illustrated notes

Levels and vault maps discovered:
D:1:      nzn_arrival_depleted_hourglass, layout_basic
D:2:      layout_loops_ring
D:3:      layout_rooms, nicolae_overflow_crystal_walls
D:4:      layout_cave_pools, temple_pool_b
D:5:      layout_basic, kennysheep_mini, grunt_decor_arrowhead,
          minmay_hollow_rounded_squares
D:6:      layout_loops_ring, elyvilon_altar_4
D:7:      layout_cave_pods, gammafunk_temple_overflow_forgotten, serial_shops,
          shop, uniq_harold
D:8:      layout_gridville, serial_shops, nicolae_shop_trees,
          nrook_pool_corridor, uniq_erica, uniq_maggie, uniq_joseph
D:9:      layout_loops_ring
D:10:     layout_roguey, due_lair_maze_entry_diamond, serial_shops,
          nicolae_shop_behind_doors, corner_web_ring, uniq_grum
D:11:     layout_rooms, orc_0_dummy, minmay_evil_grid, uniq_psyche
Temple:   regret_index_temple_sphere_string
Lair:1:   layout_roguey, special_room [special_room_bee], grunt_megastairs_2,
          lemuel_fruit_tree, lemuel_fruit_fields, infiniplex_staircase_pool_2,
          minmay_lair_oklob_chamber

Skill      XL: |  1  2  3  4  5  6  7  8  9 10 11 |
---------------+----------------------------------+-----
Axes           | 2 3 4 5 6 7 8 |  8.5
Armour         | 3 4 5 6 7 8 |  8.7
Dodging        | 1 2 3 4 5 |  5.6
Shields        | 3 4 5 6 |  6.3
Spellcasting   | 1 2 3 4 5 |  5.4
Fighting       | 4 5 6 7 |  7.0
Invocations    | 3 5 |  5.8

Action                   |  1- 3 |  4- 6 |  7- 9 | 10-12 || total
-------------------------+-------+-------+-------+-------++-------
Melee: War axe           |   147 |   129 |   312 |   524 ||  1112
       Kick              |       |       |    95 |   193 ||   288
       Headbutt          |       |       |       |    13 ||    13
Invok: Heroism           |       |       |       |     3 ||     3
       Finesse           |       |       |       |     1 ||     1
Evoke: Wand              |       |       |       |     1 ||     1
  Use: Scroll            |     2 |       |       |    14 ||    16
       Potion            |       |     2 |     6 |     9 ||    17
 Stab: Distracted        |       |       |     2 |     2 ||     4
Armor: Plate armour      |    77 |    68 |   122 |   186 ||   453
       Scale mail        |     1 |       |       |    23 ||    24
       Skin              |       |       |       |     6 ||     6
Dodge: Dodged            |    18 |    18 |    67 |   168 ||   271
Block: Kite shield       |   113 |   118 |   262 |   157 ||   650
       Reflection        |       |     4 |    16 |     4 ||    24
       Tower shield      |       |       |       |   416 ||   416

Table legend: (Time is in decaauts)
 A = Elapsed time spent in this place.
 B = Non-inter-level travel time spent in this place.
 C = Inter-level travel time spent in this place.
 D = Time resting spent in this place.
 E = Time spent auto-exploring this place.
 F = Levels seen in this place.
 G = Mean time per level.
                   A        B        C        D        E       F      G
               +--------+--------+--------+--------+--------+-----+--------+
         Total |  12918 |  12060 |    858 |    202 |   9335 |  13 |  993.7 |
       Dungeon |  11979 |  11175 |    804 |    202 |   8602 |  11 | 1089.0 |
        Temple |    193 |    140 |     53 |      0 |    134 |   1 |  193.0 |
          Lair |    745 |    745 |      0 |      0 |    599 |   1 |  745.0 |
               +--------+--------+--------+--------+--------+-----+--------+

Top non-repeatable levels by time:
    D:10: 1495 daAuts
     D:2: 1349 daAuts
     D:8: 1343 daAuts
     D:5: 1206 daAuts
     D:6: 1173 daAuts
     D:7: 1164 daAuts
     D:9: 1143 daAuts
     D:4: 1064 daAuts
     D:1: 1054 daAuts
  Lair:1: 745 daAuts
     D:3: 581 daAuts
    D:11: 402 daAuts
  Temple: 193 daAuts
